 Dungeon Crawl Stone Soup version 0.26-a0-962-g9b92081034 (webtiles) character file.

Game seed: 12744362813886791543

0 Gargoyl the Skirmisher (level 1, -25/23 HPs)
             Began as a Gnoll Abyssal Knight on Dec 2, 2020.
             Was a Follower of Lugonu.
             Annihilated by a tentacled starspawn (32 damage)
             ... on level 1 of the Abyss.
             The game lasted 00:00:10 (120 turns).

Gargoyl the Skirmisher (Gnoll Abyssal Knight)        Turns: 120, Time: 00:00:10

Health: -25/23     AC:  3    Str: 14      XL:     1   Next: 0%
Magic:  12/12      EV: 12    Int: 14      God:    Lugonu [*.....]
Gold:   0          SH:  0    Dex: 11 (14) Spells: 0/0 levels left

rFire    . . .     SeeInvis .   a - +1 hand axe
rCold    . . .     Faith    .   (no shield)
rNeg     . . .     Spirit   .   b - +0 leather armour
rPois    .         Reflect  .   (no helmet)
rElec    .         Harm     .   (no cloak)
rCorr    .         Rampage  .   (no gloves)
MR       .....                  (no boots)
Stlth    +.........             (no amulet)
HPRegen  0.07/turn              c - ring of magical power
MPRegen  0.13/turn              (no ring)

@: no status effects
A: distributed training, fangs 1, strong nose
a: Depart the Abyss, Renounce Religion


You were on level 1 of the Abyss.
You worshipped Lugonu.
Lugonu was aware of your devotion.
You visited 0 branches of the dungeon, and saw 0 of its levels.
You visited the Abyss 1 time.

Inventory:

Hand Weapons
 a - a +1 hand axe (weapon)
Armour
 b - a +0 leather armour (worn)
Jewellery
 c - a ring of magical power (left hand)


   Skills:
 + Level 6.4 Fighting
 + Level 0.0 Short Blades
 + Level 0.0 Long Blades
 + Level 4.4 Axes
 + Level 0.0 Maces & Flails
 + Level 0.0 Polearms
 + Level 0.0 Staves
 + Level 0.0 Slings
 + Level 0.0 Bows
 + Level 0.0 Crossbows
 + Level 0.0 Throwing
 + Level 4.4 Armour
 + Level 2.3 Dodging
 + Level 0.0 Stealth
 + Level 0.0 Shields
 + Level 0.0 Unarmed Combat
 + Level 0.0 Spellcasting
 + Level 0.0 Conjurations
 + Level 0.0 Hexes
 + Level 0.0 Summonings
 + Level 0.0 Necromancy
 + Level 0.0 Translocations
 + Level 0.0 Transmutations
 + Level 0.0 Fire Magic
 + Level 0.0 Ice Magic
 + Level 0.0 Air Magic
 + Level 0.0 Earth Magic
 + Level 0.0 Poison Magic
 + Level 4.4 Invocations
 + Level 0.0 Evocations


You couldn't memorise any spells.
You didn't know any spells.
Your spell library was empty.

Dungeon Overview and Level Annotations

Branches:
Dungeon (0/15)

Altars:


Innate Abilities, Weirdness & Mutations

Your experience applies equally to all skills.
You have very sharp teeth.
Your uncanny sense of smell can sniff out nearby items.


Message History

The quasit barely misses you. The quasit closely misses you.
The quasit barely misses you.
Unknown command.
You hit the quasit but do no damage. You hit the starspawn tentacle.
The starspawn tentacle loses its grip on you.
The tentacle pulls you backwards!
You miss the quasit.
You hit the starspawn tentacle but do no damage.
You hit the tentacled starspawn. The quasit bites you.
You feel clumsy. The quasit closely misses you. The quasit barely misses you.
The starspawn tentacle grabs you. The starspawn tentacle constricts you.
You hit the quasit but do no damage.
You hit the tentacled starspawn but do no damage.
The starspawn tentacle loses its grip on you.
You hit the starspawn tentacle. The quasit completely misses you.
The quasit claws you but does no damage.
The quasit closely misses you. The tentacled starspawn bites you!!
Ouch! That really hurt!
You die...

# .# ..... .##
##..##..... ...
........... ...
.......... . #..
#.........
..##..##.........
.................
.........5........
#..##..##@.##w....
#..## .##wX##│....
............ ....
.................
. # ..###....... #
.## #.......
##...## ........ .
... #.........
....... . ## ..


You could see a tentacled starspawn, a starspawn tentacle and a quasit.

Vanquished Creatures (others)
  A starspawn tentacle (Abyss:1)
1 creature vanquished.

Notes
Turn   | Place    | Note
-------+----------+-------------------------------------------
     0 | Abyss:1  | Gargoyl the Gnoll Abyssal Knight began the quest for the
                  | Orb.
     0 | Abyss:1  | Reached XP level 1. HP: 23/23 MP: 3/3
     4 | Abyss:1  | Found a corrupted altar of Lugonu.
    85 | Abyss:1  | Found a basalt altar of Yredelemnul.
   109 | Abyss:1  | Noticed a quasit
   114 | Abyss:1  | Noticed a tentacled starspawn
   120 | Abyss:1  | Annihilated by a tentacled starspawn

Illustrated notes

Levels and vault maps discovered:
Abyss:1:  base: Temple, base:
Temple

Action                   || total
-------------------------++-------
Melee: Hand axe          ||    10
Armor: Leather armour    ||     8
Dodge: Dodged            ||    22

Table legend: (Time is in decaauts)
 A = Elapsed time spent in this place.
 B = Non-inter-level travel time spent in this place.
 C = Inter-level travel time spent in this place.
 D = Time resting spent in this place.
 E = Time spent auto-exploring this place.
 F = Levels seen in this place.
 G = Mean time per level.
                   A        B        C        D        E       F      G
               +--------+--------+--------+--------+--------+-----+--------+
         Total |    120 |    120 |      0 |      0 |    104 |   1 |  120.0 |
         Abyss |    120 |    120 |      0 |      0 |    104 |   1 |  120.0 |
               +--------+--------+--------+--------+--------+-----+--------+

Top non-repeatable levels by time:
 Abyss:1: 120 daAuts
